 Dungeon Crawl Stone Soup version 0.17.1-3-g152610e (webtiles) character file.

20 inmateoo the Skirmisher (level 2, 0/26 HPs)
             Began as a Centaur Fighter on Feb 18, 2016.
             Killed by nerve-wracking pain
             ... invoked by Jessica
              (6 damage)
             ... on level 2 of the Dungeon.
             The game lasted 00:01:00 (951 turns).

inmateoo the Skirmisher (Centaur Fighter)            Turns: 951, Time: 00:01:00

Health: 0/26       AC:  6    Str: 18    XL:     2   Next: 58%
Magic:  2/2        EV:  5    Int:  7    God:
Gold:   49         SH:  8    Dex:  8    Spells: 0 memorised, 1 level left

rFire  . . .     SeeInvis .     a - +0 war axe
rCold  . . .     Clarity  .     b - +0 scale mail
rNeg   . . .     SustAt   .     c - +0 shield
rPois  .         Gourm    .     (no helmet)
rElec  .         Spirit   .     (no cloak)
rCorr  .         Warding  .     (no gloves)
rMut   .         Stasis   .     (no barding)
MR     .....                    (no amulet)
Stlth  ..........               (no ring)
                                (no ring)

@: very quick, not resistant to hostile enchantments, extremely unstealthy
A: hooves 3, deformed body, speed 2, tough skin 3
a: no special abilities


You were on level 2 of the Dungeon.
You were not hungry.

You visited 1 branch of the dungeon, and saw 2 of its levels.

You collected 49 gold pieces.

Inventory:

Hand Weapons
 a - a +0 war axe (weapon)
Armour
 b - a +0 scale mail (worn)
 c - a +0 shield (worn)
Wands
 p - a wand of frost (32)
Scrolls
 f - a scroll of noise {unknown}
 i - a scroll of teleportation {unknown}
 j - 2 scrolls of remove curse {unknown}
 k - a scroll of identify {unknown}
 l - a scroll of fog {unknown}
 n - a scroll of amnesia {unknown}
 o - a scroll of recharging {unknown}
Potions
 d - a potion of might
 g - 2 potions of curing {unknown}
 m - a potion of lignification {unknown}
 q - 2 potions of brilliance {unknown}
 r - a potion of ambrosia {unknown}
Comestibles
 e - 2 bread rations
 h - 7 fruits


   Skills:
 - Level 3.0 Fighting
 + Level 2.9 Axes
 - Level 2.1 Armour
 - Level 2.1 Shields


You had one spell level left.
You didn't know any spells.

Dungeon Overview and Level Annotations

Branches:
Dungeon (2/15)

Altars:
Dithmenos
Fedhas
Kikubaaqudgha

Annotations:
D:2 Jessica


Innate Abilities, Weirdness & Mutations

You have hooves in place of feet.
Armour fits poorly on your strangely shaped body.
You cover ground very quickly.
You have extremely tough skin (AC +3).


Message History

Ouch! That really hurt!
* * * LOW HITPOINT WARNING * * *
Jessica shouts, "You are a ghastly nuisance!"
You miss Jessica.
Jessica is almost dead.
You feel less confused. Jessica hits you but does no damage.
Jessica casts a spell.
Jessica blinks!
Jessica completely misses you.
You closely miss Jessica.
Jessica is almost dead.
Jessica casts a spell.
Jessica blinks!
Jessica gestures at you while chanting. You resist with some effort.
Jessica gestures wildly.
Jessica points at you and mumbles some strange words.
Pain shoots through your body!
You die...

.#####.#......# ####.####.# .#
#(###.##.# #....# #.#
######)....##.### ####.#### #.#
......)....#....# #......# #.#
########...#..#.# #.##.#.#####.#
#...#....# #.##.#.......# ##
##...#....# #.##.######### .
....#.#.#####.##.# #......
########...#....@.#..##.# #....#.
.......<.###.#.##.#.#.#.######.#.
.......#(....#....@......#####.#.
................<.........>....#.
...##..#..........#...####.#####.
._.##..#.##########.######.# #.
...##..#.................#.# #.
###..#..#########.#..#.#.### #.
#..#........#............###.


You could see Jessica.

Vanquished Creatures
  An ooze (D:1)
  A giant cockroach (D:1)
  3 goblins (D:1)
  3 hobgoblins
  2 jackals (D:1)
  A ball python (D:2)
  A bat (D:1)
  A rat (D:1)
13 creatures vanquished.

Notes
Turn   | Place    | Note
--------------------------------------------------------------
     0 | D:1      | inmateoo the Centaur Fighter began the quest for the Orb.
     0 | D:1      | Reached XP level 1. HP: 19/19 MP: 1/1
   202 | D:1      | Reached XP level 2. HP: 24/26 MP: 2/2
   577 | D:2      | Found an ancient bone altar of Kikubaaqudgha.
   608 | D:2      | Found a shadowy altar of Dithmenos.
   784 | D:2      | Found a blossoming altar of Fedhas.
   837 | D:2      | Noticed Jessica
   951 | D:2      | Killed from afar by Jessica

Action                   || total
-------------------------++-------
Melee: War axe           ||    58
